 Dungeon Crawl Stone Soup version 0.29.1-14-g9c671dbff4 (webtiles) character file.

Game seed: 11234151502071710684

830 croobank the Covert (level 7, -6/49 HPs)
             Began as an Octopode Delver on Feb 16, 2023.
             Mangled by a lemure (9 damage)
             ... led by Pikel
             ... on level 4 of the Dungeon on Feb 17, 2023.
             The game lasted 00:14:18 (5458 turns).

croobank the Covert (Octopode Delver)               Turns: 5458, Time: 00:14:18

Health: -6/49      AC:  1    Str: 11    XL:     7   Next: 97%
Magic:  11/11      EV: 14    Int: 15    God:
Gold:   191        SH:  0    Dex: 13    Spells: 9/12 levels left

rFire   . . .      SeeInvis +   s - +3 short sword (venom)
rCold   . . .      Faith    .   (no shield)
rNeg    . . .      Spirit   .   (helmet restricted)
rPois   .          Reflect  .   (no amulet)
rElec   .          Harm     .   v - ring of see invisible
rCorr   .          Rampage  .   (no ring)
Will    .....                   (no ring)
Stlth   +++++.....              (no ring)
HPRegen 0.16/turn               (no ring)
MPRegen 0.12/turn               (no ring)
                                (no ring)
                                (no ring)

@: no status effects
A: almost no armour, amphibious, 8 rings, camouflage 1, gelatinous body 1,
(nimble swimmer 1), tentacles
a: no special abilities


You were on level 4 of the Dungeon.
You visited 1 branch of the dungeon, and saw 9 of its levels.

You collected 259 gold pieces.
You spent 68 gold pieces at shops.

Inventory:

Hand Weapons
 a - a +0 hand axe
 s - a +3 short sword of venom (weapon)
 u - a +1 dagger of freezing
Missiles
 c - 18 poisoned darts (quivered)
Armour
 i - an orb of light
Jewellery
 v - a ring of see invisible (left tentacle)
Wands
 f - a wand of digging (3)
 o - a wand of flame (14)
Scrolls
 b - a scroll of fog
 d - 2 scrolls of fear
 h - 5 scrolls of teleportation
 k - a scroll of vulnerability
 p - a scroll of brand weapon {unknown}
 q - 3 scrolls of immolation {unknown}
 r - 3 scrolls of noise {unknown}
 y - a scroll of butterflies {unknown}
 z - a scroll of poison {unknown}
 A - 2 scrolls of blinking {unknown}
 B - a scroll of identify
Potions
 e - a potion of haste
 g - a potion of might
 j - a potion of curing
 l - 2 potions of magic
 m - a potion of attraction
 n - 2 potions of berserk rage {unknown}
 t - 2 potions of heal wounds {unknown}
 w - a potion of lignification {unknown}
 x - a potion of degeneration {unknown}


   Skills:
 + Level 4.7 Fighting
 - Level 2.9 Axes
 + Level 4.1 Dodging
 + Level 8.4 Stealth
 * Level 3.2 Spellcasting
 * Level 3.5 Ice Magic


You had 9 spell levels left.
You knew the following spells:

 Your Spells              Type           Power      Damage    Failure   Level
a - Ozocubu's Armour      Ice            13%        N/A       14%         3

Your spell library contained the following spells:

 Spells                   Type           Power      Damage    Failure   Level
 Freeze                   Ice            52%        1d7       4%          1
 Ensorcelled Hibernation  Hex/Ice        14%        N/A       14%         2
 Frozen Ramparts          Ice            26%        1d4       14%         3
 Magic Dart               Conj           8%         1d3       21%         1
 Necrotise                Necr           8%         1d4       21%         1
 Call Imp                 Summ           2%         N/A       30%         2
 Passwall                 Tmut/Erth      1%         N/A       30%         2
 Mephitic Cloud           Conj/Pois/Air  2%         N/A       52%         3
 Swiftness                Air            2%         N/A       52%         3
 Vampiric Draining        Necr           2%         2d6       52%         3
 Hailstorm                Conj/Ice       7%         3d4       67%         4
 Metabolic Englaciation   Hex/Ice        3%         N/A       95%         5
 Agony                    Necr           2%         N/A       99%         5
 Fireball                 Conj/Fire      1%         3d3       99%         5
 Simulacrum               Ice/Necr       3%         N/A       100%        6
 Starburst                Conj/Fire      1%         6d3       100%        6
 Ignition                 Fire           1%         3d3       100%        8


Dungeon Overview and Level Annotations

Branches:
Dungeon (9/15)             Temple (0/1) D:6
   Lair: D:8-11         Orc: D:9-12

Altars:
Cheibriados
Gozag

Shops:
D:3 (*?(   D:4 *   D:5 :   D:6 *

Annotations:
D:3 1 runed translucent door, nalyd1's ghost, amateur KoHu
D:4 Pikel
D:6 Blork the orc


Innate Abilities, Weirdness & Mutations

You cannot wear most types of armour.
You are amphibious.
You can wear up to eight rings at the same time.
Your skin changes colour to match your surroundings (Stealth+).
Your rubbery body absorbs attacks. (AC +1, EV +1)
((You are camouflaged when in or above water. (Stealth+)))
You have tentacles for arms and can constrict up to eight enemies at once.


Message History

The gnoll hits you with a +0 flail!
You hit the gnoll.
The gnoll looks as sick as possible!
You grab the gnoll.
The gnoll is almost dead.
You constrict the gnoll. The gnoll hits you with a +0 flail!
The gnoll barely misses you.
You hit the gnoll.
You kill the gnoll!
You start resting.
Pikel, Merchant of Souls comes into view.
He is wielding a +0 whip of flaming.
Okay, then.
Pikel completely misses you.
You closely miss Pikel.
The lemure shouts!
Your grab misses Pikel. You squeeze Pikel!
Pikel is moderately wounded.
Pikel hits you with a +0 whip of flaming!
Pikel burns you.
You hit Pikel but do no damage.
Pikel is poisoned.
You grab Pikel.
Pikel is moderately wounded.
You constrict Pikel.
Pikel hits you with a +0 whip of flaming.
Pikel burns you.
You hit Pikel.
Pikel looks as sick as possible!
Pikel is heavily wounded.
You constrict Pikel. Pikel completely misses you.
The lemure shouts!
You hit Pikel.
Pikel looks as sick as possible!
Pikel is severely wounded.
You constrict Pikel.
Pikel hits you with a +0 whip of flaming.
* * * LOW HITPOINT WARNING * * *
Pikel burns you.
* * * LOW HITPOINT WARNING * * *
You hit Pikel but do no damage.
Pikel looks as sick as possible!
Pikel is severely wounded.
You constrict Pikel, but do no damage. Pikel barely misses you.
The lemure hits you!
* * * LOW HITPOINT WARNING * * *
The lemure hits you!
You die...

#. # #. #... #.##
#....## #..#
##..#.#. ..#
........###.###
......##..5...#
#....5K5.....#
##.#...@......#
...)..).......#
...#...>......# .
#..........# ###
#..........#
##⌠###.###......#
##...##.# #.)....#
#8...8#.###......#
#...##.[>[#######


You could see Pikel (extremely poisoned) and 3 lemures.

Vanquished Creatures
  Grinder (D:4)
  2 black bears
  A lemure (D:4)
  A bullfrog (D:4)
  A howler monkey (D:5)
  2 hounds (D:5)
  Natasha (thrice) (D:3)
  2 iguanas
  2 gnolls (D:4)
  4 adders
  An ufetubus (D:5)
  2 dart slugs (D:1)
  8 orcs
  10 ball pythons
  9 endoplasms
  4 giant cockroaches
  4 goblins
  3 hobgoblins
  12 jackals
  3 quokkas
  7 bats
  5 frilled lizards
  7 kobolds
  18 rats
112 creatures vanquished.

Notes
Turn   | Place    | Note
-------+----------+-------------------------------------------
     0 | D:5      | croobank the Octopode Delver began the quest for the Orb.
     0 | D:5      | Reached XP level 1. HP: 16/16 MP: 1/1
    26 | D:6      | Noticed Blork the orc
    54 | D:6      | Noticed a scorpion
    54 | D:6      | Found an opulent altar of Gozag.
    55 | D:6      | Found Gozag's Platinum Reserve.
    67 | D:6      | Found a staircase to the Ecumenical Temple.
   119 | D:7      | Noticed a phantom
   181 | D:9      | Noticed a black bear
   191 | D:9      | Noticed a wyvern
   378 | D:5      | Noticed an iguana
   395 | D:5      | Noticed a bullfrog
   450 | D:5      | Noticed a gnoll sergeant
   451 | D:5      | Noticed a hound
   468 | D:5      | Noticed a hound
   477 | D:4      | Found Mopifiyt's Assorted Antiques.
   516 | D:4      | Reached XP level 2. HP: 6/21 MP: 2/2
   613 | D:4      | Noticed a black bear
   742 | D:3      | Found Xilit's General Store.
   786 | D:3      | Found Xulai's Weapon Shop.
  1220 | D:3      | Found a faded altar of an unknown god.
  1397 | D:2      | Reached XP level 3. HP: 26/26 MP: 3/3
  1569 | D:2      | Reached skill level 7 in Stealth
  1943 | D:1      | Reached XP level 4. HP: 31/31 MP: 4/4
  2781 | D:2      | Found a snail-covered altar of Cheibriados.
  2821 | D:2      | Learned a level 3 spell: Ozocubu's Armour
  3010 | D:3      | Noticed a black bear
  3019 | D:3      | Killed a black bear
  3020 | D:3      | Reached skill level 1 in Ice Magic
  3020 | D:3      | Reached XP level 5. HP: 5/37 MP: 4/6
  3318 | D:3      | Reached skill level 1 in Spellcasting
  3320 | D:3      | Noticed Natasha
  3320 | D:3      | You fall into a shaft and drop 2 floors!
  3355 | D:4      | Reached XP level 6. HP: 27/43 MP: 6/8
  3367 | D:4      | Bought a scroll labelled QOCSOI FETAIV for 22 gold pieces
  3367 | D:4      | Bought a scroll labelled EVVOCZ UPIOGOA for 22 gold pieces
  3583 | D:3      | Found Xuel's Magic Scroll Shop.
  3594 | D:3      | Bought a scroll of identify for 24 gold pieces
  3615 | D:3      | Found Qoalaiki's Antique Weapon Boutique.
  3676 | D:3      | Found a runed translucent door.
  3680 | D:3      | Noticed nalyd1's ghost (amateur KoHu)
  3783 | D:3      | Killed Natasha
  3960 | D:3      | Noticed Natasha
  3969 | D:3      | Killed Natasha
  4208 | D:3      | Noticed Natasha
  4214 | D:3      | Killed Natasha
  4401 | D:4      | Killed a black bear
  4402 | D:4      | Reached XP level 7. HP: 20/48 MP: 8/10
  4403 | D:4      | Reached skill level 8 in Stealth
  4953 | D:5      | Found Afe Tekk's Vocational Training.
  5178 | D:4      | Noticed Grinder
  5184 | D:4      | Killed Grinder
  5451 | D:4      | Noticed Pikel
  5458 | D:4      | Mangled by a lemure

Illustrated notes

Levels and vault maps discovered:
D:1:      dpeg_arrival_ratfight, layout_basic
D:2:      layout_basic, basic_altar, minmay_rat_gold_closets
D:3:      layout_loops_ring, shapermc_ecumenical_altar_ellora, serial_shops,
          nicolae_lakefront_shop, nicolae_diamond_shop, nicolae_shop_trees,
          shop, ebering_ghost_sewer_d, uniq_natasha
D:4:      layout_rooms, serial_shops, nicolae_shop_crystal,
          grunt_decor_fettered, corexii_hall_statues_deadend, uniq_grinder,
          uniq_pikel
D:5:      layout_loops_ring, nicolae_shop_vocational
D:6:      layout_basic, nicolae_gozag_zags_fifth_avenue,
          minmay_temple_entry_glass, uniq_blork_the_orc
D:7:      layout_gridville, uniq_joseph
D:8:      layout_gridville
D:9:      layout_stronghold, grunt_lair_entry_orc_guard_hut

Skill      XL: |  1  2  3  4  5  6  7 |
---------------+----------------------+-----
Stealth        | 7 8 |  8.4
Dodging        | 3 4 |  4.1
Ice Magic      | 1 2 3 |  3.5
Fighting       | 4 |  4.7
Spellcasting   | 1 2 3 |  3.2
Axes           | |  2.9

Action                   |  1- 3 |  4- 6 |  7- 9 || total
-------------------------+-------+-------+-------++-------
Melee: Hand axe          |    47 |       |       ||    47
       Constrict         |    16 |    13 |    16 ||    45
       Tentacles         |     7 |     9 |    15 ||    31
       Punch             |     1 |       |     1 ||     2
       Short sword       |     8 |    84 |    60 ||   152
Evoke: Wand              |       |       |     2 ||     2
  Use: Scroll            |     1 |     5 |     1 ||     7
 Stab: Sleeping          |    20 |    23 |     2 ||    45
Armor: Skin              |     1 |    10 |     2 ||    13
Dodge: Dodged            |    31 |    36 |    36 ||   103
